 Dungeon Crawl Stone Soup version 0.29-a0-307-gecccbbdb84 (webtiles) character file.

Game seed: 17981813991850039713

121 EiAlmux the Conjurer (level 4, -4/36 HPs)
             Began as a Draconian Conjurer on Mar 27, 2022.
             Slain by a gnoll
             ... wielding a +0 hand axe
              (5 damage)
             ... on level 3 of the Dungeon.
             The game lasted 00:03:15 (2834 turns).

EiAlmux the Conjurer (Draconian Conjurer)           Turns: 2834, Time: 00:03:15

Health: -4/36      AC:  5    Str: 10    XL:     4   Next: 76%
Magic:  0/8        EV: 12    Int: 20    God:
Gold:   109        SH:  0    Dex:  9    Spells: 5/8 levels left

rFire   . . .      SeeInvis .   d - +1 short sword
rCold   . . .      Faith    .   (no shield)
rNeg    . . .      Spirit   .   (body armour unavailable)
rPois   .          Reflect  .   (helmet restricted)
rElec   .          Harm     .   (no cloak)
rCorr   .          Rampage  .   (no gloves)
Will    .....                   (no boots)
Stlth   ++........              (no amulet)
HPRegen 0.12/turn               (no ring)
MPRegen 0.11/turn               (no ring)

@: no status effects
A: AC +5, unfitting armour, cold-blooded
a: no special abilities


You were on level 3 of the Dungeon.
You visited 1 branch of the dungeon, and saw 3 of its levels.

You collected 109 gold pieces.

Inventory:

Hand Weapons
 d - a +1 short sword (weapon)
Jewellery
 m - an amulet of reflection
Wands
 q - a wand of iceblast (4)
Scrolls
 c - 2 scrolls of identify {unknown}
 e - 4 scrolls of teleportation
 i - a scroll of enchant weapon
 k - a scroll of fear {unknown}
 o - a scroll of summoning {unknown}
 r - a scroll of noise {unknown}
Potions
 a - 2 potions of magic
 b - a potion of degeneration {unknown}
 f - a potion of ambrosia {unknown}
 g - a potion of lignification {unknown}
 h - 3 potions of curing
 j - a potion of heal wounds {unknown}
 l - a potion of flight {unknown}
 n - a potion of attraction {unknown}
 p - a potion of haste {unknown}


   Skills:
 - Level 2.0 Fighting
 - Level 1.7 Dodging
 + Level 2.4 Stealth
 + Level 2.8 Spellcasting
 * Level 5.0 Conjurations


You had 5 spell levels left.
You knew the following spells:

 Your Spells              Type           Power      Damage    Failure   Level
a - Magic Dart            Conj           88%        1d7       1%          1
b - Searing Ray           Conj           44%        2d6       2%          2

Your spell library contained the following spells:

 Spells                   Type           Power      Damage    Failure   Level
 Sandblast                Erth           4%         2d4       14%         1
 Dazzling Flash           Conj/Hex       24%        N/A       16%         3
 Stone Arrow              Conj/Erth      24%        3d8       16%         3
 Passwall                 Tmut/Erth      1%         N/A       22%         2
 Fulminant Prism          Conj/Hex       6%         3d7       45%         4
 Iskenderun's Mystic Bla  Conj/Tloc      12%        2d5       45%         4


Dungeon Overview and Level Annotations

Branches:
Dungeon (3/15)

Altars:

Annotations:
D:3 3 runed translucent doors, ouz's ghost, amateur DjFE


Innate Abilities, Weirdness & Mutations

Your plain brown scales are hard. (AC +5)
You cannot fit into any form of body armour.
You are cold-blooded and may be slowed by cold attacks.


Message History

The gnoll is almost dead.
The gnoll hits you with a +0 whip.
You hit the gnoll.
The gnoll is almost dead.
You barely miss the gnoll.
You tail-slap the gnoll, but do no damage.
The gnoll is almost dead.
The gnoll hits you with a +0 whip.
You hit the gnoll.
You kill the gnoll!
The gnoll hits you with a +0 hand axe.
Your Conjurations skill increases to level 5!
Casting: Searing Ray (safe; 2% risk of failure)
Confirm with . or Enter, or press ? or * to list all spells.
Aiming: Searing Ray (safe; 2% risk of failure)
Press: ? - help, Shift-Dir - straight line, f - gnoll
Aim: a gnoll, wielding a +0 hand axe (81% to hit)
The searing ray hits the gnoll!
The gnoll is heavily wounded. (Press . to maintain the ray.)
The gnoll hits you with a +0 hand axe!
Without enough magic to sustain it, your searing ray dissipates.
The gnoll closely misses you.
You closely miss the gnoll.
The gnoll is heavily wounded.
The gnoll hits you with a +0 hand axe.
* * * LOW HITPOINT WARNING * * *
You closely miss the gnoll.
Your tail-slap misses the gnoll.
The gnoll is heavily wounded.
The gnoll hits you with a +0 hand axe!
* * * LOW HITPOINT WARNING * * *
Casting: Searing Ray (safe; 2% risk of failure)
Confirm with . or Enter, or press ? or * to list all spells.
Aiming: Magic Dart (safe; 1% risk of failure)
Press: ? - help, Shift-Dir - straight line, f/p - gnoll
Aim: a gnoll, wielding a +0 hand axe (heavily wounded, 100% to hit)
The magic dart hits the gnoll.
The gnoll is almost dead.
The gnoll hits you with a +0 hand axe.
You die...

##.########
#.#####.##.#
##........#
#.# #.##.#
#########.#
#.# #.##.#
..# #.# #>#
#.##.# #.#
#.# #.#
#.##.# #.#
#.# ###.#
#.##.# #.#
#.# #...#
###.##.# #.#
##.##
####.###
#...##.#
#.### #<..#
#)g@.#
#.####.#
....####...#
#.##.# #.#
#.####
......##...#
♣)♣###
#.####.....
..###......#
♣.♣
#..........
..###.....##
)..
#.#########
###8.....##
...
##.#########
.o#.....##
.....
#.#........#
..#.....#
.♣..)
##.#####....
..#.....#
....♣.. #.#
#...#


You could see a gnoll.

Vanquished Creatures
  3 gnolls (D:3)
  2 adders
  A worm (D:3)
  A dart slug (D:3)
  3 orcs (D:3)
  6 ball pythons
  6 endoplasms
  3 giant cockroaches
  6 goblins
  A hobgoblin (D:2)
  3 jackals (D:2)
  5 quokkas
  6 bats
  6 frilled lizards
  6 kobolds
  4 rats
62 creatures vanquished.

Notes
Turn   | Place    | Note
-------+----------+-------------------------------------------
     0 | D:1      | EiAlmux the Draconian Conjurer began the quest for the Orb.
     0 | D:1      | Reached XP level 1. HP: 14/14 MP: 3/3
   248 | D:1      | Reached skill level 1 in Fighting
   326 | D:1      | Reached XP level 2. HP: 23/23 MP: 0/5
   392 | D:1      | Learned a level 2 spell: Searing Ray
  1106 | D:2      | Reached XP level 3. HP: 29/29 MP: 3/6
  1952 | D:3      | Reached XP level 4. HP: 36/36 MP: 3/7
  2306 | D:3      | Found a runed translucent gate.
  2307 | D:3      | Found a runed translucent gate.
  2308 | D:3      | Found a runed translucent gate.
  2310 | D:3      | Noticed ouz's ghost (amateur DjFE)
  2311 | D:3      | Identified the +1 ring mail of the Growing Gods {rPois
                  | Will++ Stlth+}
  2829 | D:3      | Reached skill level 5 in Conjurations
  2833 | D:3      | HP: 1/36 [gnoll/+0 hand axe (9)]
  2834 | D:3      | Slain by a gnoll

Illustrated notes

Levels and vault maps discovered:
D:1:      minmay_arrival_shattered_statue, layout_rooms,
          wander_ebering_terrifying_dragon_lair
D:2:      layout_rooms, minmay_quadrilaterals
D:3:      layout_loops_ring, biasface_ghost_orc_armoury,
          pf_guarded_unrand_woodcutter

Skill      XL: |  1  2  3  4 |
---------------+-------------+-----
Fighting       | 1 2 |  2.0
Stealth        | 2 |  2.4
Conjurations   | 5 |  5.0
Dodging        | |  1.7
Spellcasting   | |  2.8

Action                   |  1- 3 |  4- 6 || total
-------------------------+-------+-------++-------
Melee: Unarmed           |     4 |       ||     4
       Short sword       |    12 |    14 ||    26
       Tailslap          |     2 |     2 ||     4
       Punch             |     1 |       ||     1
 Cast: Magic Dart        |    87 |    31 ||   118
       Searing Ray       |     1 |     2 ||     3
  Use: Scroll            |     2 |       ||     2
Armor: Skin              |    15 |     1 ||    16
Dodge: Dodged            |    10 |    11 ||    21

Table legend: (Time is in decaauts)
 A = Elapsed time spent in this place.
 B = Non-inter-level travel time spent in this place.
 C = Inter-level travel time spent in this place.
 D = Time resting spent in this place.
 E = Time spent auto-exploring this place.
 F = Levels seen in this place.
 G = Mean time per level.
                   A        B        C        D        E       F      G
               +--------+--------+--------+--------+--------+-----+--------+
         Total |   2841 |   2794 |     47 |     41 |   2452 |   3 |  947.0 |
       Dungeon |   2841 |   2794 |     47 |     41 |   2452 |   3 |  947.0 |
               +--------+--------+--------+--------+--------+-----+--------+

Top non-repeatable levels by time:
     D:2: 1005 daAuts
     D:1: 938 daAuts
     D:3: 897 daAuts
